 Dungeon Crawl Stone Soup version 0.29.1-2-gbd0b4ee654 (webtiles) character file.

Game seed: 16447061729726157979

232 funnyparkerb the Slasher (level 5, 0/41 HPs)
             Began as a Mummy Chaos Knight on Nov 18, 2022.
             Was a Plaything of Xom.
             Slain by a white imp (1 damage)
             ... summoned by Xom
             ... on level 2 of the Dungeon.
             The game lasted 00:02:58 (1777 turns).

funnyparkerb the Slasher (Mummy Chaos Knight)       Turns: 1777, Time: 00:02:59

Health: 0/41       AC:  5    Str: 15    XL:     5   Next: 73%
Magic:  5/5        EV: 11    Int: 11    God:    Xom [...*..]
Gold:   88         SH:  5    Dex: 14    Spells: 4/4 levels left

rFire   x . .      SeeInvis .   a - +0 falchion (chaos)
rCold   + . .      Faith    .   (no shield)
rNeg    + + +      Spirit   .   b - +2 leather armour
rPois   ∞          Reflect  +   (no helmet)
rElec   .          Harm     .   (no cloak)
rCorr   .          Rampage  .   (no gloves)
Will    .....                   (no boots)
Stlth   +.........              f - amulet of reflection
HPRegen 0.13/turn               (no ring)
MPRegen 0.09/turn               (no ring)

@: no status effects
A: cold resistance 1, negative energy resistance 3, torment resistance 2, heat
vulnerability 1, in touch with death 1, no potions
a: Renounce Religion


You were on level 2 of the Dungeon.
You worshipped Xom.
You were a favourite toy of Xom.
You visited 1 branch of the dungeon, and saw 2 of its levels.

You collected 88 gold pieces.

Inventory:

Hand Weapons
 a - a +0 falchion of chaos (weapon)
Armour
 b - a +2 leather armour (worn)
Jewellery
 f - an amulet of reflection (around neck)
Scrolls
 d - a scroll of enchant armour {unknown}
 e - a scroll of identify {unknown}
 g - 2 scrolls of teleportation {unknown}
 h - 3 scrolls of butterflies {unknown}
 j - a scroll of brand weapon {unknown}
 k - a scroll of enchant weapon {unknown}
 l - a scroll of magic mapping {unknown}
Miscellaneous
 c - a piece from Xom's chessboard (14/15)


   Skills:
 - Level 3.0 Fighting
 + Level 5.4 Long Blades
 - Level 1.5 Armour
 - Level 0.7 Dodging


You had 4 spell levels left.
You didn't know any spells.
Your spell library was empty.

Dungeon Overview and Level Annotations

Branches:
Dungeon (2/15)

Altars:


Innate Abilities, Weirdness & Mutations

You are immune to poison.
Your flesh is cold resistant. (rC+)
You are immune to negative energy. (rN+++)
You are immune to unholy pain and torment.
You are vulnerable to heat. (rF-)
You are in touch with the powers of death.
You do not drink.


Message History

The white imp hits you but does no damage.
You block the iron imp's attack.
You barely miss the iron imp. The white imp completely misses you.
You hit the white imp but do no damage.
The white imp resists with some effort.
The white imp is moderately wounded.
The iron imp closely misses you. The white imp hits you.
* * * LOW HITPOINT WARNING * * *
The white imp freezes you. You resist.
* * * LOW HITPOINT WARNING * * *
You hit the white imp.
The white imp is heavily wounded.
The white imp hits you but does no damage.
The iron imp shouts, "Scamper home, thou villainous onion-eyed frater!"
You block the iron imp's attack.
You hit the white imp. You burn the white imp.
The white imp is severely wounded.
The white imp gestures at you. The puff of frost hits you. You resist.
* * * LOW HITPOINT WARNING * * *
The iron imp closely misses you.
You barely miss the white imp.
The white imp is severely wounded.
The white imp hits you.
* * * LOW HITPOINT WARNING * * *
The white imp freezes you. You resist.
* * * LOW HITPOINT WARNING * * *
The iron imp misses you.
Throw: throwing net
Press: ? - help, Shift-Dir - straight line, f - iron imp
Aim: an iron imp (summoned, 67% to hit)
You throw a throwing net.
The throwing net barely misses the iron imp.
You block the white imp's attack. The iron imp closely misses you.
You have nothing you can fire or use right now.
You make a move on Xom's chessboard...
The iron imp seems to slow down.
The white imp hits you.
* * * LOW HITPOINT WARNING * * *
The white imp freezes you. You resist.
You die... "This toy is broken."

## #.#######.# .#
###)# #.# .# #...#
#.##### .###.#.#
#.....# .....#.#
#.###)# .#####.# #.#
#.# ..# #.#######.#
#.#
..####.........###.#
>.......######.5@5(#
..####.....# #.#####
..####.....# #.#####
...........# #.....#
.....#.....# #####.#
.....#.....# #.#
........#### #.#
.....#############.#
.....# #.......#.#


You could see an iron imp (summoned, slow) and a white imp (summoned).

Vanquished Creatures
  Sigmund (D:2)
  An adder (D:2)
  A dart slug (D:1)
  An orc (D:2)
  5 bats
  4 endoplasms
  3 giant cockroaches (D:1)
  3 jackals (D:1)
  2 kobolds
  6 quokkas
  A ball python (D:1)
  3 frilled lizards
  6 goblins
  5 rats (D:1)
42 creatures vanquished.

Vanquished Creatures (collateral kills)
  A giant cockroach (D:1)
1 creature vanquished.

Grand Total: 43 creatures vanquished

Notes
Turn   | Place    | Note
-------+----------+-------------------------------------------
     0 | D:1      | funnyparkerb the Mummy Chaos Knight began the quest for the
                  | Orb.
     0 | D:1      | Reached XP level 1. HP: 18/18 MP: 1/1
    86 | D:1      | XOM: silly message
   144 | D:1      | Reached skill level 3 in Long Blades
   144 | D:1      | Reached XP level 2. HP: 24/24 MP: 2/2
   341 | D:1      | Found a faded altar of an unknown god.
   341 | D:1      | XOM: 6-stop teleportation journey
   667 | D:1      | Gained mutation: You are in touch with the powers of death.
                  | [Mummy growth]
   667 | D:1      | Reached XP level 3. HP: 27/29 MP: 3/3
   825 | D:1      | XOM: stat loss: -1 Dex (12/13)
   982 | D:1      | XOM: silly message
  1150 | D:1      | XOM: stat loss: -1 Int (10/11)
  1226 | D:2      | Noticed Sigmund
  1235 | D:2      | XOM: confuse monster(s)
  1243 | D:2      | Killed Sigmund
  1244 | D:2      | Reached skill level 5 in Long Blades
  1244 | D:2      | Reached XP level 4. HP: 14/35 MP: 4/4
  1244 | D:2      | Reached XP level 5. HP: 17/41 MP: 5/5
  1487 | D:2      | XOM: polymorph bat -> orc
  1637 | D:2      | XOM: god gift: 9 gold pieces
  1759 | D:2      | XOM: summons 3 hostile demons
  1777 | D:2      | HP: 1/41 [white imp[Xom] (4)]
  1777 | D:2      | Slain by a white imp

Illustrated notes

Levels and vault maps discovered:
D:1:      psy_arrival_radial01, layout_basic,
          shapermc_ecumenical_altar_notcrosses
D:2:      layout_loops_cross, uniq_sigmund

Skill      XL: |  1  2  3 |
---------------+----------+-----
Long Blades    | 3 5 |  5.4
Fighting       | |  3.0
Armour         | |  1.5
Dodging        | |  0.7

Action                   |  1- 3 |  4- 6 || total
-------------------------+-------+-------++-------
Melee: Falchion          |    91 |    34 ||   125
       Punch             |     1 |       ||     1
Throw: Throwing net      |     1 |     1 ||     2
Evoke: Piece from Xom's  |     5 |     1 ||     6
 Stab: Paralysed         |     7 |       ||     7
       Distracted        |       |     1 ||     1
       Sleeping          |       |     1 ||     1
Armor: Leather armour    |    25 |    10 ||    35
Dodge: Dodged            |    53 |    20 ||    73
Block: Other             |    12 |     7 ||    19
